 Dungeon Crawl Stone Soup version 0.26-a0-597-gb535b0901c (webtiles) character file.

Game seed: 16153764271589055847

16 Lanoc the Firebug (level 2, -1/19 HPs)
             Began as a Vine Stalker Fire Elementalist on Sept 3, 2020.
             Slain by an adder (3 damage)
             ... on level 2 of the Dungeon.
             The game lasted 00:00:50 (276 turns).

Lanoc the Firebug (Vine Stalker Fire Elementalist)   Turns: 276, Time: 00:00:51

Health: -1/19      AC:  2    Str: 10    XL:     2   Next: 58%
Magic:  0/6        EV: 12    Int: 15    God:
Gold:   14         SH:  0    Dex: 14    Spells: 4/5 levels left

rFire    . . .     SeeInvis .   (no weapon)
rCold    . . .     Faith    .   (no shield)
rNeg     . . .     Spirit   +   a - +0 robe
rPois    .         Reflect  .   (no helmet)
rElec    .         Harm     .   (no cloak)
rCorr    .                      (no gloves)
MR       .....                  (no boots)
Stlth    ..........             (no amulet)
HPRegen  0.06/turn              (no ring)
MPRegen  0.10/turn              (no ring)

@: berserking, lethally poisoned (-1 -> -16), very quick
A: fangs 2, magic shield, antimagic bite, no potion heal 3, rot immunity
a: no special abilities


You were on level 2 of the Dungeon.
You visited 1 branch of the dungeon, and saw 2 of its levels.

You collected 14 gold pieces.

Inventory:

Armour
 a - a +0 robe (worn)
Scrolls
 b - a scroll of remove curse {unknown}
 c - a scroll of enchant weapon {unknown}


   Skills:
 + Level 1.8 Dodging
 - Level 2.4 Stealth
 - Level 2.1 Spellcasting
 + Level 1.4 Conjurations
 * Level 3.4 Fire Magic


You had 4 spell levels left.
You knew the following spells:

 Your Spells              Type           Power        Failure   Level
a - Foxfire               Conj/Fire      #...         8%          1

Your spell library contained the following spells:

 Spells                   Type           Power        Failure   Level
 Conjure Flame            Conj/Fire      #.......     24%         3
 Inner Flame              Hex/Fire       #.......     32%         3
 Sticky Flame             Conj/Fire      #.......     61%         4
 Fireball                 Conj/Fire      #.........   91%         5


Dungeon Overview and Level Annotations

Branches:
Dungeon (2/15)

Altars:


Innate Abilities, Weirdness & Mutations

You have extremely sharp teeth.
When hurt, damage is shared between your health and your magic reserves.
Your bite disrupts and absorbs the magic of your enemies.
Potions cannot restore your health.
You are immune to rotting.


Message History

The adder is heavily wounded.
The foxfire hits the adder but does no damage.
The adder is heavily wounded.
The adder bites you.
You are lethally poisoned!
The adder poisons you!
You feel sick.
You feel sick. The adder bites you.
It was a potion of berserk rage.
A red film seems to cover your vision as you go berserk!
You feel yourself moving faster!
You feel mighty! The adder bites you.
* * * LOW HITPOINT WARNING * * *
You are more poisoned.
The adder poisons you!
You hit the adder. Your bite misses the adder.
The adder is severely wounded.
* * * LOW HITPOINT WARNING * * *
You feel sick. The adder bites you.
You die...

.# #. ...... #.( ##. #####
#....< .. .... #...#
###...)### .##....
#...######....#...##.......
#.... .................#..
##...#####.#................
#.......#....####....#
#.)............@Sl((.#
#.......#.......####.......
#(..............# ##.....#
#..(..)......#### #....#
#(.........### ....#
##.<........# ....#
..†......#### ..##
##.......# ## #########


You could see an adder and a frilled lizard.

Vanquished Creatures
  An adder (D:2)
  A worm (D:2)
  A giant cockroach (D:2)
  A bat (D:2)
  2 kobolds (D:2)
  A rat (D:2)
7 creatures vanquished.

Vanquished Creatures (others)
  23 foxfires (D:2)
23 creatures vanquished.

Grand Total: 30 creatures vanquished

Notes
Turn   | Place    | Note
-------+----------+-------------------------------------------
     0 | D:1      | Lanoc the Vine Stalker Fire Elementalist began the quest
                  | for the Orb.
     0 | D:1      | Reached XP level 1. HP: 9/9 MP: 4/4
   260 | D:2      | Reached XP level 2. HP: 13/13 MP: 4/6
   276 | D:2      | Slain by an adder

Illustrated notes

Levels and vault maps discovered:
D:1:      eino_arrival_tree_alley, layout_loops_ring
D:2:      layout_rooms, xom_redecorated

Action                   || total
-------------------------++-------
Melee: Unarmed           ||    15
       Bite              ||     5
 Cast: Foxfire           ||    13
  Use: Potion            ||     1
Armor: Robe              ||     9
Dodge: Dodged            ||    23

Table legend: (Time is in decaauts)
 A = Elapsed time spent in this place.
 B = Non-inter-level travel time spent in this place.
 C = Inter-level travel time spent in this place.
 D = Time resting spent in this place.
 E = Time spent auto-exploring this place.
 F = Levels seen in this place.
 G = Mean time per level.
                   A        B        C        D        E       F      G
               +--------+--------+--------+--------+--------+-----+--------+
         Total |    275 |    275 |      0 |      0 |    210 |   2 |  137.5 |
       Dungeon |    275 |    275 |      0 |      0 |    210 |   2 |  137.5 |
               +--------+--------+--------+--------+--------+-----+--------+

Top non-repeatable levels by time:
     D:2: 263 daAuts
     D:1: 12 daAuts
